[Event "Titled Tuesday Blitz November 29 Early 2022"]
[White "Bilan, Danila"]
[Black "Roque Sola, Gisela"]
[WhiteFideId "24161918"]
[BlackFideId "5120241"]
[WhiteElo "2173"]
[BlackElo "1961"]
[Result "0-1"]
[Round "03"]
[TimeControl "180+1"]
[Date "2022.11.30"]
[WhiteClock "0:00:05"]
[BlackClock "0:00:12"]

1. d4 Nf6 2. Nf3 e6 3. g3 b6 4. Bg2 Bb7 5. O-O Be7 6. c4 O-O 7. d5 exd5 8. Nh4 c6 9. cxd5 Nxd5 10. Nf5 Bf6 11. e4 Nb4 12. Nd6 Ba6 13. Re1 Be5 14. Re3 Qf6 15. a3 Nd3 16. Rxd3 Bxd3 17. Qxd3 Qxd6 18. Qe2 a5 19. Nc3 Bxc3 20. bxc3 Na6 21. Bf4 Qe6 22. Rd1 Nc5 23. Rd6 Qb3 24. Qg4 Qb1+ 25. Bf1 Qxe4 26. f3 Qe7 27. Bc4 Ne6 28. Be5 f6 29. Bf4 Kh8 30. h4 Nxf4 31. Qxf4 Qe1+ 32. Kg2 Rae8 33. Rxd7 Re2+ 34. Bxe2 Qxe2+ 35. Kh3 Qf1+ 36. Kg4 f5+ 37. Kh5 Qe1 38. Qd4 Qe8+ 39. Kg5 Qg6+ 40. Kf4 Qh6+ 41. Ke5 Re8+ 42. Kxf5 Qg6+ 43. Kf4 Qh6+ 44. Kg4 Qe6+ 45. Kf4 Rf8+ 46. Kg5 Qg6# 0-1


[Site "https://www.chess.com"]

[Event "Titled Tuesday Blitz November 29 Early 2022"]
[White "Blokhin, Sofia"]
[Black "Xie, Bryan"]
[WhiteFideId "4508190"]
[BlackFideId "30941296"]
[WhiteElo "2005"]
[BlackElo "2033"]
[Result "0-1"]
[Round "03"]
[TimeControl "180+1"]
[Date "2022.11.30"]
[WhiteClock "0:00:01"]
[BlackClock "0:00:15"]

1. e4 c5 2. Nf3 e6 3. d4 cxd4 4. Nxd4 Nc6 5. Nc3 Qc7 6. a3 a6 7. g4 Bc5 8. Be3 Nge7 9. Nxe6 fxe6 10. Bxc5 O-O 11. Qd2 Ne5 12. Qd6 Nf3+ 13. Kd1 Qxd6+ 14. Bxd6 Rf7 15. Be2 Nd4 16. Bd3 b5 17. f4 Bb7 18. Rf1 Nc8 19. Bc5 Nc6 20. e5 g5 21. Ne4 gxf4 22. Nf6+ Kh8 23. Nxh7 Nxe5 24. Ng5 Rg7 25. h4 Nxd3 26. cxd3 e5 27. Kd2 d6 28. Bb4 Rg6 29. Bc3 Ne7 30. Rxf4 Nd5 31. Rf7 Bc8 32. Raf1 Bxg4 33. Rh7+ Kg8 34. Rhf7 Be6 35. Nxe6 Rxe6 36. R7f2 Nxc3 37. bxc3 Rc8 38. Rg1+ Kh8 39. h5 Rh6 40. Rg5 Rg8 41. Rxg8+ Kxg8 42. Rg2+ Kf7 43. Rf2+ Ke6 44. Rg2 Rxh5 45. Rg8 Rh2+ 46. Ke3 Ra2 47. Rg6+ Ke7 48. Rg7+ Kf6 49. Rd7 Ke6 50. Ra7 Rxa3 51. Ke4 Rxc3 52. Rxa6 b4 53. Rb6 Rb3 54. d4 exd4 55. Kxd4 Rb1 56. Kc4 Ke5 57. Rxb4 Rxb4+ 58. Kxb4 Kd4 59. Kb3 Kd3 60. Kb2 d5 61. Kb3 d4 62. Kb2 Ke2 63. Kc1 d3 64. Kb1 d2 0-1


[Site "https://www.chess.com"]

[Event "Titled Tuesday Blitz November 29 Early 2022"]
[White "Bortnyk, Olexandr"]
[Black "Ohanyan, Emin"]
[WhiteFideId "14120828"]
[BlackFideId "13312022"]
[WhiteElo "2723"]
[BlackElo "2352"]
[Result "0-1"]
[Round "03"]
[TimeControl "180+1"]
[Date "2022.11.30"]
[WhiteClock "0:00:01"]
[BlackClock "0:00:02"]

1. e4 e5 2. Bc4 Ne7 3. Qf3 f6 4. c3 c6 5. d3 d5 6. Bb3 Be6 7. Ne2 Nd7 8. Be3 a5 9. Nd2 a4 10. Bc2 Nc8 11. d4 Nd6 12. O-O Be7 13. Qg3 O-O 14. Bh6 Rf7 15. f4 dxe4 16. fxe5 Nf5 17. Rxf5 Bxf5 18. Rf1 Be6 19. Nf4 Nf8 20. Nxe4 f5 21. Ng5 Bxg5 22. Bxg5 Qd7 23. a3 Bc4 24. Re1 Ne6 25. h4 Nxf4 26. Bxf4 Qe6 27. h5 Kh8 28. Qh4 Rg8 29. Re3 g5 30. hxg6 Rxg6 31. g3 Bd5 32. Kf2 Kg7 33. Bd1 Be4 34. Bh5 Rf8 35. Bxg6 Qxg6 36. e6 Re8 37. Be5+ Kg8 38. e7 Kf7 39. Bf4 Rxe7 40. Re2 Re6 41. c4 Re7 42. Re3 h5 43. Be5 Qg4 44. Qxg4 hxg4 45. Re2 Kg6 46. Ke3 Rh7 47. Rd2 Rh1 48. d5 cxd5 49. cxd5 Re1+ 50. Kd4 Kf7 51. Bf4 Ke7 52. Kc5 Kd7 53. Kb5 Rc1 54. Kxa4 Rc5 55. d6 Rc1 56. Rh2 Rc4+ 57. Kb5 Bd3 58. Rh7+ Ke6 59. Re7+ Kf6 60. Kb6 Rd4 61. Rxb7 Rxf4 62. gxf4 g3 63. Rh7 g2 64. d7 g1=Q+ 65. Kc7 Qc5+ 66. Kb8 Qb6+ 67. Ka8 Qd8+ 0-1


[Site "https://www.chess.com"]

[Event "Titled Tuesday Blitz November 29 Early 2022"]
[White "Boyer, Mahel"]
[Black "Baches Garcia, Guillermo"]
[WhiteFideId "45102422"]
[BlackFideId "2209764"]
[WhiteElo "2454"]
[BlackElo "2463"]
[Result "1/2-1/2"]
[Round "03"]
[TimeControl "180+1"]
[Date "2022.11.30"]
[WhiteClock "0:00:04"]
[BlackClock "0:00:20"]

1. e4 c5 2. Nc3 d6 3. g3 Nc6 4. Nge2 g6 5. d4 cxd4 6. Nxd4 Bg7 7. Nce2 Bg4 8. f3 Bd7 9. Bg2 Qb6 10. c3 Nf6 11. Qb3 Qxb3 12. axb3 O-O 13. b4 d5 14. exd5 Nxd4 15. Nxd4 Nxd5 16. f4 Nxb4 17. O-O Nc6 18. Nxc6 Bxc6 19. Bxc6 bxc6 20. Ra6 c5 21. Be3 c4 22. Rxa7 Rxa7 23. Bxa7 Ra8 24. Bc5 e5 25. fxe5 Bxe5 26. Re1 f6 27. Re4 Ra2 28. Rxc4 Rxb2 29. Bb4 h5 30. Rc6 Kf7 31. Bd6 Bxd6 32. Rxd6 Rc2 33. Rc6 g5 34. h3 Kg6 35. Rc5 Kf7 36. c4 Ke6 37. Rc6+ Ke5 38. Kf1 f5 39. Rh6 Rxc4 40. Rxh5 g4 41. hxg4 Rxg4 42. Kg2 Ke4 43. Kh3 Ke5 44. Rh8 Rb4 45. Re8+ Kf6 46. Rc8 Kg6 47. Rc3 Ra4 48. Kg2 Rb4 49. Kf3 Ra4 50. Rb3 Rc4 51. Ra3 Rb4 52. Rc3 Ra4 53. Rc8 Rb4 54. Rg8+ Kf7 55. Ra8 Kg6 56. Ke3 Rb3+ 57. Kf4 Rb4+ 58. Ke3 Rb3+ 59. Kf2 Rb2+ 60. Kf3 Rb3+ 61. Kg2 Rb4 62. Ra3 Rc4 63. Rb3 Rd4 64. Rc3 Rb4 65. Re3 Ra4 66. Kf2 Rb4 67. Rd3 Ra4 68. Rb3 Rc4 69. Ke2 Rd4 70. Rf3 Ra4 71. Kf2 Rb4 72. Rd3 Ra4 73. Rc3 Rb4 74. Rc6+ Kg5 75. Rc8 Rb2+ 76. Kf3 Rb3+ 77. Kg2 Rb4 78. Rf8 Kg6 79. Kf3 Ra4 80. Ke3 Rb4 81. Rd8 Ra4 82. Kf3 Rb4 83. Rd3 Ra4 84. Rc3 Rb4 85. Kg2 Ra4 86. Rf3 Rb4 87. Kf2 Ra4 88. Ke2 Rb4 89. Rf4 Rb3 90. Kf2 Rb2+ 91. Kf3 Rb3+ 1/2-1/2


[Site "https://www.chess.com"]

[Event "Titled Tuesday Blitz November 29 Early 2022"]
[White "Buscar, Michael"]
[Black "Kovacevic, Radmila"]
[WhiteFideId "2603616"]
[BlackFideId "933171"]
[WhiteElo "2010"]
[BlackElo "2208"]
[Result "1-0"]
[Round "03"]
[TimeControl "180+1"]
[Date "2022.11.30"]
[WhiteClock "0:01:49"]
[BlackClock "0:00:39"]

1. Nf3 d5 2. b3 c5 3. Bb2 Nc6 4. e3 e5 5. d4 e4 6. Ne5 Nxe5 7. dxe5 a6 8. c4 Be6 9. cxd5 Qxd5 10. Qxd5 Bxd5 11. Nc3 Bc6 12. O-O-O Ne7 13. Bc4 g6 14. Nd5 Nxd5 15. Bxd5 Bxd5 16. Rxd5 Rd8 17. Rxd8+ Kxd8 18. e6 1-0


[Site "https://www.chess.com"]

[Event "Titled Tuesday Blitz November 29 Early 2022"]
[White "Cappelletto, Joshuaede"]
[Black "Manon-og, Ramon Jr."]
[WhiteFideId "2824383"]
[BlackFideId "5200776"]
[WhiteElo "2237"]
[BlackElo "2339"]
[Result "1-0"]
[Round "03"]
[TimeControl "180+1"]
[Date "2022.11.30"]
[WhiteClock "0:01:50"]
[BlackClock "0:01:18"]

1. c4 Nf6 2. Nc3 c6 3. d4 d5 4. Nf3 g6 5. cxd5 cxd5 6. Bf4 Bg7 7. e3 O-O 8. Bd3 Nc6 9. O-O Bg4 10. h3 Bxf3 11. Qxf3 Qb6 12. Rab1 Qa5 13. a3 Rfd8 14. Nb5 Rac8 15. Rfc1 a6 16. Nc3 b5 17. Qd1 b4 18. Na4 Ne4 19. Nc5 Nxc5 20. Rxc5 Qb6 21. Rbc1 bxa3 22. bxa3 e6 23. Qa4 Na7 24. Bc7 Rxc7 25. Rxc7 Nb5 26. Bxb5 axb5 27. Qa7 Qxa7 28. Rxa7 1-0


[Site "https://www.chess.com"]

[Event "Titled Tuesday Blitz November 29 Early 2022"]
[White "Caruana, Fabiano"]
[Black "Kezin, Roman"]
[WhiteFideId "2020009"]
[BlackFideId "24124621"]
[WhiteElo "2847"]
[BlackElo "2501"]
[Result "1-0"]
[Round "03"]
[TimeControl "180+1"]
[Date "2022.11.30"]
[WhiteClock "0:01:50"]
[BlackClock "0:00:01"]

1. e4 c5 2. Nf3 e6 3. d4 cxd4 4. Nxd4 Nc6 5. Nc3 Qc7 6. Be2 a6 7. Be3 Nf6 8. a3 Be7 9. f4 d6 10. Qd2 O-O 11. O-O-O Na5 12. g4 e5 13. Nf5 Bxf5 14. gxf5 exf4 15. Bxf4 Nc4 16. Bxc4 Qxc4 17. Rhg1 Kh8 18. Qg2 Rg8 19. Bxd6 Rae8 20. e5 Bxd6 21. exd6 b5 22. Kb1 Rd8 23. Rd3 b4 24. axb4 Qxb4 25. Rgd1 Rd7 26. Nd5 Nxd5 27. Qxd5 Rgd8 28. Qc6 Qf4 29. Rd5 h6 30. Qxa6 Qxh2 31. f6 gxf6 32. Qd3 Qf4 33. c4 1-0


[Site "https://www.chess.com"]

[Event "Titled Tuesday Blitz November 29 Early 2022"]
[White "Chernobay, Artem"]
[Black "Hovhannisyan, Robert"]
[WhiteFideId "4167406"]
[BlackFideId "13302507"]
[WhiteElo "2473"]
[BlackElo "2570"]
[Result "0-1"]
[Round "03"]
[TimeControl "180+1"]
[Date "2022.11.30"]
[WhiteClock "0:00:06"]
[BlackClock "0:00:17"]

1. e4 c6 2. d4 d5 3. Nd2 dxe4 4. Nxe4 Nf6 5. Nxf6+ exf6 6. Be3 Bd6 7. Bd3 Na6 8. a3 Nc7 9. Ne2 Nd5 10. Bd2 O-O 11. c4 Ne7 12. O-O Bg4 13. Qc2 Bxe2 14. Bxe2 Bc7 15. Bc3 Qd7 16. Rad1 Ng6 17. Rfe1 Rfe8 18. Bf1 Nf4 19. h3 Rxe1 20. Rxe1 Re8 21. Rxe8+ Qxe8 22. g3 Ne6 23. d5 Nf8 24. Bg2 c5 25. b4 Bd6 26. Qe4 Qc8 27. h4 Qc7 28. Kh2 b6 29. h5 Be5 30. Bxe5 fxe5 31. f4 Nd7 32. Bh3 exf4 33. gxf4 Nf6 34. Qe5 Qxe5 35. fxe5 Nxh5 36. d6 Kf8 37. Bd7 Nf4 38. Kg3 Nd3 39. bxc5 bxc5 40. Bb5 Nxe5 41. Kf4 f6 42. Ke4 h5 43. Kd5 h4 44. Ke6 h3 45. d7 Nf7 46. Kf5 h2 47. Bc6 Nd8 48. Bd5 Ke7 49. Kg6 Kxd7 50. Kxg7 Ke7 51. Kg6 Ne6 52. Kf5 Nd4+ 53. Kf4 Nc2 54. Kg3 Nxa3 55. Kxh2 Kd6 56. Kg3 Ke5 57. Kf3 Kd4 58. Kf4 Nxc4 59. Bg8 Nd6 60. Kf3 a5 61. Ke2 c4 62. Kd2 c3+ 63. Kc2 f5 64. Kb3 f4 65. Be6 Ne4 66. Ka4 Nc5+ 67. Ka3 Nxe6 68. Ka2 f3 0-1


[Site "https://www.chess.com"]

[Event "Titled Tuesday Blitz November 29 Early 2022"]
[White "Chigaev, Maksim"]
[Black "Korchmar, Vasiliy"]
[WhiteFideId "4108116"]
[BlackFideId "24131750"]
[WhiteElo "2541"]
[BlackElo "2370"]
[Result "1-0"]
[Round "03"]
[TimeControl "180+1"]
[Date "2022.11.30"]
[WhiteClock "0:01:41"]
[BlackClock "0:00:18"]

1. c4 c6 2. Nf3 d5 3. d4 Nf6 4. Nc3 e6 5. g3 Nbd7 6. Bg2 dxc4 7. a4 a5 8. O-O Bb4 9. Qc2 O-O 10. Rd1 b6 11. Ne5 Nxe5 12. dxe5 Nd7 13. Bxc6 Ra7 14. Nb5 Ra6 15. Bf4 Qe7 16. Qxc4 g5 17. Bxd7 Bxd7 18. Bxg5 Qxg5 19. Rxd7 Qxe5 20. Rad1 Raa8 21. b3 Rac8 22. Qg4+ Kh8 23. Qf3 Kg8 24. R1d4 f5 25. Qh5 1-0


[Site "https://www.chess.com"]

[Event "Titled Tuesday Blitz November 29 Early 2022"]
[White "Costachi, Mihnea"]
[Black "Kukreja, Sankalp"]
[WhiteFideId "1217518"]
[BlackFideId "45027676"]
[WhiteElo "2424"]
[BlackElo "2154"]
[Result "1-0"]
[Round "03"]
[TimeControl "180+1"]
[Date "2022.11.30"]
[WhiteClock "0:00:31"]
[BlackClock "0:00:07"]

1. e4 c5 2. Nf3 g6 3. b3 Bg7 4. Nc3 Nc6 5. Bb2 e6 6. g3 Nge7 7. Bg2 O-O 8. O-O d5 9. d3 b6 10. Qe2 Bb7 11. Na4 Bxb2 12. Nxb2 Re8 13. h4 h6 14. h5 g5 15. c3 Qc7 16. Nh2 Rad8 17. Ng4 Kg7 18. f4 gxf4 19. gxf4 Ba6 20. f5 exf5 21. exf5 Nxf5 22. Qf3 Nce7 23. Rae1 Qg3 24. Rxe7 Qxf3 25. Rxf7+ Kxf7 26. Rxf3 Bc8 27. Nxh6+ Kf6 28. Bh3 Rg8+ 29. Nxg8+ Rxg8+ 30. Kf2 Rg5 31. Nd1 Rxh5 32. Ne3 Ke5 33. Bg4 Rh2+ 34. Kg1 Nxe3 35. Rxe3+ Kf4 36. Re8 Kg3 37. Bxc8 Rxa2 38. Kf1 Kf3 39. Bb7 Ra1+ 40. Re1 Rxe1+ 41. Kxe1 Ke3 42. Ba6 d4 43. Kd1 dxc3 44. Kc2 Kd4 45. Kd1 Kd5 46. Kc1 Kc6 47. Kc2 b5 48. Kxc3 Kb6 49. Bc8 a5 50. Bd7 Ka6 51. Be8 Kb6 52. Kd2 Ka6 53. Ke3 Kb6 54. Ke4 c4 55. dxc4 bxc4 56. bxc4 Kc5 57. Kd3 1-0


[Site "https://www.chess.com"]

[Event "Titled Tuesday Blitz November 29 Early 2022"]
[White "Csonka, Balazs"]
[Black "Ibarra Jerez, Jose Carlos"]
[WhiteFideId "742910"]
[BlackFideId "2226332"]
[WhiteElo "2404"]
[BlackElo "2638"]
[Result "1-0"]
[Round "03"]
[TimeControl "180+1"]
[Date "2022.11.30"]
[WhiteClock "0:00:22"]
[BlackClock "0:01:13"]

1. d4 Nf6 2. c4 d6 3. Nc3 e5 4. Nf3 e4 5. Nd2 Qe7 6. Nb3 h6 7. g3 c6 8. Bg2 Bf5 9. O-O g6 10. f3 Bg7 11. g4 Bc8 12. g5 hxg5 13. Bxg5 exf3 14. Rxf3 Nbd7 15. Re3 Ne5 16. dxe5 dxe5 17. Ne4 Bf5 18. Nxf6+ Bxf6 19. Bxf6 Qxf6 20. Qd4 Be6 21. Qxe5 Qh4 22. Rh3 Qxh3 23. Bxh3 Rxh3 24. Nc5 Rh5 25. Qe3 O-O-O 26. Nxe6 Re8 27. Rd1 Rxe6 28. Qd4 Kc7 29. Qd8# 1-0


[Site "https://www.chess.com"]

[Event "Titled Tuesday Blitz November 29 Early 2022"]
[White "D`Arruda, Ricardo D."]
[Black "Nugumanov, Bakhtiyar"]
[WhiteFideId "100692"]
[BlackFideId "13701797"]
[WhiteElo "2463"]
[BlackElo "2287"]
[Result "1-0"]
[Round "03"]
[TimeControl "180+1"]
[Date "2022.11.30"]
[WhiteClock "0:00:20"]
[BlackClock "0:00:02"]

1. d4 d5 2. Nf3 e6 3. g3 Nf6 4. Bg2 Be7 5. O-O O-O 6. c4 dxc4 7. Qc2 a6 8. Rd1 b5 9. a4 Bb7 10. Nc3 Nc6 11. axb5 Nb4 12. Qb1 axb5 13. Rxa8 Qxa8 14. Bf4 c6 15. Ne5 Nbd5 16. e4 Nxf4 17. gxf4 Rd8 18. f5 exf5 19. exf5 b4 20. Ne4 Qa6 21. Ng5 Rf8 22. Qc2 c5 23. Qxc4 Qxc4 24. Nxc4 Bxg2 25. Kxg2 cxd4 26. Rxd4 Bc5 27. Rd2 h6 28. Nf3 Rc8 29. Nce5 Ne4 30. Rc2 b3 31. Re2 Nxf2 32. Rd2 Ne4 33. Rd3 Rb8 34. Nc6 Rb6 35. Na5 Nd6 36. Nxb3 Bb4 37. Nfd4 Nc4 38. Nf3 Nxb2 39. Rd8+ Kh7 40. Rd7 Rf6 41. Nbd4 Nc4 42. Rc7 Nd6 43. Rc6 1-0


[Site "https://www.chess.com"]

[Event "Titled Tuesday Blitz November 29 Early 2022"]
[White "Dardha, Daniel"]
[Black "Sagita, Catur Adi"]
[WhiteFideId "240990"]
[BlackFideId "7104618"]
[WhiteElo "2528"]
[BlackElo "2232"]
[Result "1-0"]
[Round "03"]
[TimeControl "180+1"]
[Date "2022.11.30"]
[WhiteClock "0:00:06"]
[BlackClock "0:00:09"]

1. d4 Nf6 2. c4 e6 3. g3 d5 4. Bg2 dxc4 5. Qa4+ Bd7 6. Qxc4 Bc6 7. Nf3 Nbd7 8. Nc3 Be7 9. O-O O-O 10. Bf4 Nd5 11. Nxd5 Bxd5 12. Qc2 c5 13. Rfd1 cxd4 14. Nxd4 Rc8 15. Qa4 Bxg2 16. Kxg2 Nc5 17. Qc4 Qb6 18. Qb5 Bf6 19. Rab1 e5 20. b4 Ne4 21. Bxe5 Qxb5 22. Nxb5 Bxe5 23. Nxa7 Nc3 24. Nxc8 Rxc8 25. Rbc1 Ra8 26. Rd7 b5 27. f4 Bf6 28. Kf3 g6 29. e4 Nxa2 30. Rcc7 Rf8 31. e5 Bd8 32. Rb7 Nxb4 33. e6 Nc6 34. Rd6 Ne7 35. Rxb5 fxe6 36. Rxe6 Nf5 37. Rd5 Bf6 38. Re4 Rc8 39. g4 Ne7 40. Rd6 Kf7 41. Rd7 Re8 42. g5 Bg7 43. Kg4 Bf8 44. h4 Rc8 45. h5 Rc1 46. h6 Rg1+ 47. Kf3 Rf1+ 48. Kg2 Ra1 49. Rd6 Ra7 50. Rf6+ Kg8 51. Rc4 Ra8 52. Re6 Nf5 53. Kf2 Rd8 54. Kf1 Rd2 55. Ke1 Rd7 56. Rc8 Kf7 57. Rf6+ Ke7 58. Rcxf8 Nd6 59. Rh8 Ne8 60. Rxh7+ Kd8 61. Rxd7+ Kxd7 62. h7 Nxf6 63. gxf6 1-0


[Site "https://www.chess.com"]

[Event "Titled Tuesday Blitz November 29 Early 2022"]
[White "De Souza, Cristiano Gomes"]
[Black "Le Ruyet, Leopold"]
[WhiteFideId "2151758"]
[BlackFideId "645923"]
[WhiteElo "2068"]
[BlackElo "2276"]
[Result "0-1"]
[Round "03"]
[TimeControl "180+1"]
[Date "2022.11.30"]
[WhiteClock "0:00:23"]
[BlackClock "0:00:43"]

1. d4 Nf6 2. c4 g6 3. Nc3 d5 4. Bf4 Bg7 5. e3 O-O 6. Nf3 c5 7. dxc5 Ne4 8. Rc1 Nd7 9. cxd5 Qa5 10. Be2 Nxc3 11. bxc3 Nxc5 12. O-O Qxa2 13. Be5 Bxe5 14. Nxe5 Bf5 15. f3 Nb3 16. Bc4 Qd2 17. Qxb3 Qxe3+ 18. Kh1 Qxe5 19. Qxb7 Rfb8 20. Qa6 Rb2 21. Rfe1 Qf4 22. Qc6 Rc8 23. Qa6 Rxc4 24. Qxa7 Bh3 25. Qxe7 Bxg2+ 26. Kg1 Bxf3 27. Qe8+ Kg7 28. Qe5+ Qxe5 29. Rxe5 Rg4+ 30. Kf1 Rd2 0-1


[Site "https://www.chess.com"]

[Event "Titled Tuesday Blitz November 29 Early 2022"]
[White "Deac, Bogdan-Daniel"]
[Black "Fernandez De La Vara, Arnaldo"]
[WhiteFideId "1226380"]
[BlackFideId "3518388"]
[WhiteElo "2648"]
[BlackElo "2387"]
[Result "1-0"]
[Round "03"]
[TimeControl "180+1"]
[Date "2022.11.30"]
[WhiteClock "0:02:30"]
[BlackClock "0:00:03"]

1. Nf3 Nf6 2. c4 b6 3. d4 Bb7 4. Nc3 g6 5. d5 Bg7 6. e4 O-O 7. Bd3 e6 8. O-O exd5 9. cxd5 c6 10. d6 Re8 11. h3 Na6 12. e5 Nd5 13. Nxd5 cxd5 14. Bg5 f6 15. Bxa6 Bxa6 16. Qxd5+ Kh8 17. exf6 Bxf6 18. Rfe1 Rf8 19. Re7 Rb8 20. Bxf6+ Rxf6 21. Ng5 1-0


[Site "https://www.chess.com"]

[Event "Titled Tuesday Blitz November 29 Early 2022"]
[White "Deev, Andrei"]
[Black "Szalay, Karoly"]
[WhiteFideId "4102690"]
[BlackFideId "2600544"]
[WhiteElo "2300"]
[BlackElo "2536"]
[Result "0-1"]
[Round "03"]
[TimeControl "180+1"]
[Date "2022.11.30"]
[WhiteClock "0:01:50"]
[BlackClock "0:01:54"]

1. e4 e5 2. Nf3 Nc6 3. Bc4 Nf6 4. d3 Bc5 5. Nc3 h6 6. h3 d6 7. Be3 a6 8. Qd2 Nd4 9. Bxd4 Bxd4 10. Nxd4 exd4 11. Ne2 c5 12. O-O b5 13. Bb3 O-O 14. c3 dxc3 15. Nxc3 Be6 16. Bxe6 fxe6 17. Rfe1 e5 18. a4 b4 19. Nd1 Nh5 20. g3 Rf7 21. Ne3 Qg5 22. Nc4 Qg6 23. Kh2 Raf8 24. Re2 Rxf2+ 0-1


[Site "https://www.chess.com"]

[Event "Titled Tuesday Blitz November 29 Early 2022"]
[White "Dehtiarov, Roman"]
[Black "Gatterer, Florian"]
[WhiteFideId "14186640"]
[BlackFideId "811688"]
[WhiteElo "2200"]
[BlackElo "2218"]
[Result "0-1"]
[Round "03"]
[TimeControl "180+1"]
[Date "2022.11.30"]
[WhiteClock "0:00:05"]
[BlackClock "0:00:06"]

1. e4 e5 2. Nf3 Nc6 3. Bb5 Nf6 4. O-O Nxe4 5. d4 Nd6 6. dxe5 Nxb5 7. a4 Nbd4 8. Nxd4 Nxd4 9. Qxd4 d5 10. exd6 Qxd6 11. Qe4+ Qe6 12. Qd4 Qd6 13. Qe3+ Be6 14. Nc3 a6 15. Rd1 Qc6 16. Qg3 Bd6 17. Bf4 Bxf4 18. Qxf4 O-O 19. Rd4 Rad8 20. Rad1 Rxd4 21. Qxd4 h6 22. h3 Re8 23. Re1 Bf5 24. Rxe8+ Qxe8 25. Qd2 Qc6 26. g4 Bg6 27. Kh2 Kh7 28. h4 h5 29. gxh5 Bxh5 30. Nd5 Bg6 31. Ne3 Qe4 32. Kg3 Qxa4 33. f4 Qe4 34. Qf2 b5 35. f5 Bh5 36. Qf4 Qh1 37. Qf2 c6 38. c3 a5 39. Ng2 Qd1 40. Ne3 Qe2 41. Qxe2 Bxe2 42. Kf4 c5 43. Nd5 b4 44. cxb4 cxb4 45. Ke5 Bc4 46. Nb6 Bb5 47. Nd5 Bc6 48. Ne3 a4 49. Nc2 b3 50. Na3 Kh6 51. Kf4 Kh5 52. Kg3 Be4 53. Kf4 Bd3 54. Kg3 Bxf5 55. Nb5 Bc2 56. Na3 Kg6 57. Kf4 Kf6 58. Kg4 Ke6 59. Kf4 Kd5 60. Ke3 g6 61. Nb5 Kc4 62. Na3+ Kb4 63. Kd2 Bf5 64. Ke3 Kc5 65. Kd2 Kd4 66. Nb5+ Ke4 67. Nc3+ Kf4 68. Nxa4 Kg4 69. Nc5 Bc2 70. Nd7 Kxh4 71. Ke3 f5 72. Ne5 g5 73. Kf3 f4 74. Ng6+ Kh5 75. Ne5 Bd1+ 76. Kf2 g4 77. Nd3 Kg5 78. Nc5 g3+ 79. Kg1 Bg4 80. Ne4+ Kf5 81. Nd2 f3 82. Nxb3 f2+ 83. Kg2 Bh3+ 84. Kxg3 f1=Q 85. Nd4+ Ke4 0-1


[Site "https://www.chess.com"]

[Event "Titled Tuesday Blitz November 29 Early 2022"]
[White "Drozdowski, Kacper"]
[Black "Aaditya Dhingra"]
[WhiteFideId "1136720"]
[BlackFideId "25678191"]
[WhiteElo "2485"]
[BlackElo "2054"]
[Result "0-1"]
[Round "03"]
[TimeControl "180+1"]
[Date "2022.11.30"]
[WhiteClock "0:00:16"]
[BlackClock "0:00:03"]

1. e4 e6 2. d4 d5 3. Nd2 Nf6 4. e5 Nfd7 5. Bd3 c5 6. c3 Nc6 7. Ngf3 cxd4 8. cxd4 Qb6 9. O-O a5 10. Qa4 Be7 11. a3 g5 12. Nb3 g4 13. Ne1 Qc7 14. Be3 Nb6 15. Qb5 a4 16. Be2 axb3 17. Bxg4 Nc4 18. Qxb3 Qb6 19. Qd1 Nxb2 20. Qf3 Nc4 21. Bh5 Rf8 22. Bh6 Nxd4 23. Qf4 Nf5 24. Bxf8 Bxf8 25. Nf3 Bh6 26. Qg4 Kf8 27. Qh3 Bg7 28. Bg4 Nd4 29. Qxh7 Nxf3+ 30. Bxf3 Nxe5 31. Be2 Qd6 32. Rac1 Ng6 33. Bd3 Nf4 34. g3 Nxd3 35. Qxd3 Bd7 36. h4 Qxa3 37. Qe2 Qa6 38. Qg4 Qa4 39. Qg5 Qe4 40. Rc7 Be8 41. Rxb7 Qg6 42. Qe7+ Kg8 43. Rc1 Bd4 44. Rb3 Bf6 45. Qc5 Bxh4 46. Qd4 Bf6 47. Qd1 Bg7 48. Qf3 Ba4 49. Rb4 Bd7 50. Rcb1 Rf8 51. Rb7 Be8 52. Rb8 Qf6 53. Qe3 Qe5 54. Qd3 Qe4 55. Qxe4 dxe4 56. R1b4 Bd7 57. Rxf8+ Bxf8 58. Rxe4 Bc6 59. Rg4+ Bg7 60. Rc4 Bd5 61. Rc8+ Bf8 62. Rc1 Kg7 63. Kh2 Be7 64. Rc2 Bd6 65. Rc8 Be5 66. Rd8 Bd4 67. Kg1 Kf6 68. Rb8 Ke5 69. Rf8 f5 70. Kf1 Ke4 71. Ke1 Kf3 72. Rc8 Bxf2+ 73. Kd2 Bxg3 74. Kd3 Be5 75. Rf8 Be4+ 76. Kd2 Bf4+ 77. Kc3 Ke3 78. Rd8 Be5+ 79. Kc4 Bd5+ 80. Kc5 f4 81. Rh8 f3 82. Rh1 f2 83. Rb1 Ke2 84. Kb4 f1=Q 85. Rxf1 Kxf1 86. Kc5 Ke2 87. Kb4 Kd3 88. Ka3 Bd6+ 89. Kb2 e5 90. Kc1 e4 91. Kd1 e3 92. Ke1 Bg2 93. Kd1 e2+ 94. Ke1 Bg3# 0-1


[Site "https://www.chess.com"]

[Event "Titled Tuesday Blitz November 29 Early 2022"]
[White "Dudzinski, Pawel"]
[Black "Berezin, Viktor"]
[WhiteFideId "1117890"]
[BlackFideId "14107872"]
[WhiteElo "2086"]
[BlackElo "2310"]
[Result "0-1"]
[Round "03"]
[TimeControl "180+1"]
[Date "2022.11.30"]
[WhiteClock "0:00:02"]
[BlackClock "0:00:33"]

1. e4 c6 2. d4 d5 3. exd5 cxd5 4. Bd3 Nc6 5. c3 Qc7 6. Ne2 Nf6 7. O-O g6 8. Bf4 Qb6 9. Qb3 Bf5 10. Qxb6 axb6 11. Bxf5 gxf5 12. Re1 e6 13. Ng3 Rg8 14. Nxf5 Kd7 15. Ng3 b5 16. Nd2 b4 17. Nb3 b6 18. Be5 Ne8 19. Rec1 f6 20. Bf4 Rg4 21. Be3 Nd6 22. h3 Rg8 23. Nd2 bxc3 24. Rxc3 Nb5 25. Rb3 Nbxd4 26. Bxd4 Nxd4 27. Rxb6 Bc5 28. Rb7+ Kc6 29. Rxh7 Rxg3 30. fxg3 Nc2+ 31. Kh2 Nxa1 32. a3 Bd4 33. Re7 Kd6 34. Rb7 Nc2 35. Nf3 Be3 36. h4 d4 37. Rb3 Kd5 38. Rd3 Ke4 39. Rd1 d3 40. h5 f5 41. Kh3 Rb8 42. b4 Nxa3 43. g4 fxg4+ 44. Kxg4 Rg8+ 45. Kh3 Nc2 46. Nd2+ Bxd2 47. Rxd2 Ke3 48. Rd1 Ke2 49. Rc1 Kd2 50. Rb1 Ne3 51. b5 Kc2 52. Re1 d2 53. Re2 Kd3 54. Rxd2+ Kxd2 55. b6 Nf5 56. g4 Nh6 57. b7 Nxg4 58. b8=Q Nf2+ 59. Kh4 Rxb8 60. Kg5 e5 61. h6 e4 62. h7 e3 63. h8=Q Rxh8 0-1


[Site "https://www.chess.com"]

[Event "Titled Tuesday Blitz November 29 Early 2022"]
[White "Durarbayli, Vasif"]
[Black "Gheorghiu, Calin"]
[WhiteFideId "13402935"]
[BlackFideId "1200305"]
[WhiteElo "2586"]
[BlackElo "2225"]
[Result "1-0"]
[Round "03"]
[TimeControl "180+1"]
[Date "2022.11.30"]
[WhiteClock "0:01:02"]
[BlackClock "0:00:03"]

1. e4 e5 2. Nf3 Nc6 3. Bb5 a6 4. Ba4 Nf6 5. O-O b5 6. Bb3 Be7 7. a4 Bb7 8. d3 O-O 9. Nc3 Nd4 10. Nxe5 Nxb3 11. cxb3 b4 12. Ne2 d5 13. exd5 Nxd5 14. Ng3 Bf6 15. Ng4 Re8 16. Qf3 Rb8 17. Nh5 Bd4 18. Qg3 Kh8 19. Be3 Bxb2 20. Rab1 Bc3 21. d4 Re6 22. Ne5 Qg8 23. Qh3 Bc8 24. Qf3 Nf6 25. Nf4 Bb7 26. Qh3 Ree8 27. Nfg6+ fxg6 28. Nxg6# 1-0


[Site "https://www.chess.com"]

[Event "Titled Tuesday Blitz November 29 Early 2022"]
[White "Dushyant Sharma"]
[Black "Urquhart, Ed"]
[WhiteFideId "25065130"]
[BlackFideId "2603748"]
[WhiteElo "2270"]
[BlackElo "2184"]
[Result "1-0"]
[Round "03"]
[TimeControl "180+1"]
[Date "2022.11.30"]
[WhiteClock "0:00:22"]
[BlackClock "0:00:14"]

1. e4 c5 2. Nf3 e6 3. d4 cxd4 4. Nxd4 Nc6 5. Nc3 Qc7 6. f4 a6 7. Be3 d6 8. Bd3 Nf6 9. O-O Be7 10. Kh1 b5 11. a3 Bb7 12. Nf3 g6 13. Qe1 h5 14. f5 gxf5 15. exf5 e5 16. Rd1 Rg8 17. Bg5 Rxg5 18. Nxg5 d5 19. a4 b4 20. Nxd5 Nxd5 21. Bc4 O-O-O 22. Nxf7 Nf4 23. Nxd8 Nxd8 24. Rxf4 exf4 25. Be6+ Kb8 26. Rd7 Qc6 27. Qe5+ Ka8 28. Rxb7 Nxb7 29. Bd5 Bf6 30. Qe4 Qc7 31. Qxb4 Ka7 32. h3 Nc5 33. b3 Qd6 34. c4 Qb6 35. Qe1 Qxb3 36. Qe8 Qb8 37. Qf7+ Kb6 38. Qxf6+ Ka5 39. Qc6 Nd3 40. c5 f3 41. Qb6+ Qxb6 42. cxb6 fxg2+ 43. Bxg2 Kxb6 44. f6 Ne5 45. Bd5 Nd7 46. f7 Nf8 47. Be4 a5 48. Bf5 Kc5 49. Kg2 Kd6 50. Kf3 Ke7 51. Kf4 Kxf7 52. Kg5 Kg7 53. Kxh5 Kf6 54. Kg4 Kg7 55. Kg5 Nh7+ 56. Bxh7 Kxh7 57. Kf5 Kh6 58. Ke5 Kh5 59. Kd5 Kh4 60. Kc5 Kxh3 61. Kb5 Kg4 62. Kxa5 Kf5 63. Kb6 Ke6 64. a5 Kd7 65. Kb7 Kd6 66. a6 1-0


[Site "https://www.chess.com"]